← All builds
Geo / Cortex / Economy first / OBSERVED BUILD

Incisor raid

Geo detours through a Vehicle Plant to send Incisors raiding from under 7 minutes, well before the role's usual T2 push, before transitioning back into normal T2 supply.

#raid #rush · 19 distinct matches · 10 players · 5% of Cortex Geo games · team won 42% of 19 · Recently observed

THE CATCH, AND WHAT COMES WITH IT
  • IncisorT1 vehicle raid from 6:48 · 9% of role by thenFrom the Vehicle Plant. Only 9% of Geo games have it by then; others who build it get it around 7:17
  • IncisorIncisor in 68%6% of all Geo games by then
  • PrudePrude in 47%15% of all Geo games by then

Started with Incisor (89%), Blitz (5%), Rascal (5%).

Where those units first fight, in 19 games with kill data: in the middle 53%, on their own side 42%, in the enemy base 5%.

Those units destroy a typical 3,699 metal of enemy units by 15:00.

HOW TO PLAY IT

Key timing: Vehicle Plant by 6:39, Incisor raid from 6:48

  1. Open bot lab and standard mex/wind as normal for Geo.
  2. Rush geo early to fund the vehicle transition.
  3. Build a vehicle plant instead of going straight to T2.
  4. Push Incisor raiders into the enemy economy before T2 units.
  5. Fold back into Sheldon and Sumo T2 units for front.

Phase by phase

TYPICAL OF ITS 19 GAMES · AGAINST STANDARD GEO
  1. 1
  2. 2
  3. 3
  4. 4
PLAY THE OPENING

Follow the example game's first 7:48 step by step: what to build now, what comes next, and where it goes. At 1× it keeps pace with your own game.

  1. 1

    Up to the Bot Lab

    Economy
    • Metal Extractor3Mex
    • Wind Turbine4Wind+2 vs standard
    Order
    1. Bot LabBot Lab after 3 mex, 4 winddone ~1:06, middle half 0:57–1:27

    By 0:49 in all: 3 mex · 4 wind (standard 2)

    The example game in this phase · 7 steps
    1. Mex ×2
    2. Wind
    3. GuardGuard
    4. Mex
    5. Wind ×4
    6. Energy storage
    7. Bot LabBot Labdone 1:53 · typical 1:06
  2. 2

    Bot Lab to 5:00

    Economy
    • Metal Extractor2Mex
    • Wind Turbine3Wind−2 vs standard
    • Energy Converter8Converter
    • Energy Storage1Energy storage
    Order
    1. Geothermal PowerplantGeo after 4 mex, 6 wind, 1 energy storage
    Builders
    • Construction Turret5 Con turret
    • Graverobber4 Graverobber
    • Construction Bot2 Con bot
    • Construction Bot1 Con bot for allies
    • Graverobber1 Graverobber for allies

    By 5:00 in all: 4 mex · 6 wind · 1 geo · 8 converter · 1 energy storage · 5 con turret

    The example game in this phase · 18 steps
    1. GruntGruntfor Pond
    2. Construction BotCon botfor Beach sea
    3. GraverobberGraverobber ×2
    4. GraverobberGraverobberfor Beach sea
    5. Construction BotCon bot
    6. Mex
    7. GraverobberGraverobber ×3
    8. GruntGruntfor Pond
    9. Construction BotCon bot
    10. Geothermal PowerplantGeodone 3:56 · typical 3:20
    11. Con turret
    12. Converter
    13. Con turret ×2
    14. Converter
    15. Con turret
    16. Converter ×3
    17. Con turret
    18. Converter ×3
  3. 3

    5:00 to T1 vehicle raid

    Order
    1. Vehicle PlantVehicle Plant after 10 wind, 11 converter, 7 con turretin 79% of games
    2. IncisorT1 vehicle raid after 9 wind, 9 converter, 6 con turret

    Some games also: converter (42%) · con turret (42%) · wind (37%)

    The standard build makes here, this one skips: 2 converter

    By 6:42 in all: 4 mex · 9 wind · 1 geo · 9 converter (standard 12) · 1 energy storage · 6 con turret

    The example game in this phase · 9 steps
    1. Con turret
    2. Converter ×2
    3. Advanced Metal ExtractorT2 mexdone 5:37 · typical 5:48
    4. Converter
    5. Con turret
    6. Advanced Metal ExtractorT2 mex
    7. Vehicle PlantVehicle Plantdone 5:52 · typical 6:42
    8. Converter ×2
    9. IncisorIncisornot finished by 15:00
  4. 4

    T1 vehicle raid to 10:00

    Builders
    • Construction Turret1 Con turret
    Army
    • Incisor21 Incisor +21 vs standard

    Some games also: converter (47%) · wind (42%) · incisor for allies (32%) · con vehicle (32%)

    The standard build makes here, this one skips: 4 converter

    By 10:00 in all: 4 mex · 12 wind · 1 geo · 14 converter · 1 energy storage · 7 con turret

    The example game in this phase · 398 steps
    1. Radar TowerRadar Tower
    2. Converter
    3. IncisorIncisorfor Pond
    4. Converter
    5. IncisorIncisorfor Pond
    6. GuardGuard
    7. IncisorIncisor ×3for Pond
    8. Wind
    9. IncisorIncisorfor Pond
    10. GuardGuard
    11. Wind
    12. Advanced Metal ExtractorT2 mex
    13. IncisorIncisorfor Pond
    14. Wind
    15. IncisorIncisor
    16. Wind ×4
    17. IncisorIncisorfor Pond
    18. Wind
    19. IncisorIncisorfor Pond
    20. Wind
    21. GuardGuard
    22. IncisorIncisorfor Pond
    23. Wind
    24. IncisorIncisorfor Pond
    25. GuardGuard
    26. IncisorIncisorfor Pond
    27. Wind
    28. IncisorIncisor
    29. Advanced Metal ExtractorT2 mex
    30. IncisorIncisor
    31. GuardGuard
    32. IncisorIncisor
    33. Wind
    34. IncisorIncisor
    35. Wind
    36. IncisorIncisor
    37. Wind
    38. IncisorIncisor
    39. Con turret
    40. IncisorIncisor
    41. Wind
    42. IncisorIncisor
    43. Wind
    44. IncisorIncisor
    45. Wind
    46. IncisorIncisor
    47. Wind
    48. IncisorIncisor
    49. Wind
    50. IncisorIncisor
    51. Wind
    52. IncisorIncisor ×2
    53. Wind
    54. IncisorIncisor
    55. Wind
    56. IncisorIncisor
    57. Wind
    58. IncisorIncisor
    59. Wind
    60. IncisorIncisor
    61. Wind
    62. Pit BullPit Bull
    63. IncisorIncisor ×2
    64. Wind
    65. IncisorIncisor
    66. Wind
    67. IncisorIncisor
    68. Wind
    69. RattlesnakeRattlesnakedone 9:49
    70. IncisorIncisor
    71. Wind ×3
    72. Converter
    73. Wind
    74. IncisorIncisor
    75. Converter
    76. Advanced Radar TowerAdvanced Radar Tower
    77. ButlerButler
    78. Wind
    79. Wind
    80. Wind
    81. IncisorIncisorfor Pond
    82. Converter
    83. Converter
    84. Wind ×2
    85. HoundHoundfor Pond
    86. Converter
    87. Wind
    88. Wind
    89. Converter
    90. Wind
    91. Converter
    92. HoundHoundfor Pond
    93. Wind
    94. IncisorIncisor
    95. Wind
    96. Converter
    97. Wind
    98. Wind
    99. Converter
    100. Wind
    101. Converter
    102. Converter
    103. Pit BullPit Bull
    104. IncisorIncisorfor Pond
    105. Wind
    106. HoundHound
    107. Wind
    108. Converter ×2
    109. IncisorIncisorfor Pond
    110. SprinterSprinterfor Pond
    111. Wind ×2
    112. Wind
    113. Vehicle PlantVehicle Plantdone 10:44
    114. IncisorIncisorfor Pond
    115. Converter ×2
    116. Wind ×2
    117. SprinterSprinter
    118. Converter
    119. Con turret
    120. Wind
    121. IncisorIncisorfor Pond
    122. Converter
    123. Wind
    124. Advanced Radar TowerAdvanced Radar Tower
    125. Converter
    126. SprinterSprinterfor Pond
    127. Wind ×2
    128. Con turret
    129. Converter ×2
    130. Wind
    131. SprinterSprinterfor Pond
    132. Wind
    133. Wind
    134. IncisorIncisorfor Pond
    135. Converter
    136. IncisorIncisorfor Pond
    137. Wind
    138. SprinterSprinterfor Pond
    139. Converter
    140. Wind
    141. IncisorIncisorfor Pond
    142. Wind
    143. Converter
    144. SprinterSprinterfor Pond
    145. IncisorIncisorfor Pond
    146. Wind
    147. Converter
    148. Wind
    149. IncisorIncisorfor Pond
    150. Converter
    151. Wind
    152. SprinterSprinterfor Pond
    153. IncisorIncisorfor Pond
    154. Wind
    155. Converter
    156. Wind
    157. IncisorIncisorfor Pond
    158. SprinterSprinterfor Pond
    159. Converter
    160. Wind
    161. Converter
    162. Wind
    163. IncisorIncisorfor Pond
    164. Wind ×2
    165. IncisorIncisorfor Pond
    166. SprinterSprinterfor Pond
    167. Wind ×2
    168. Converter
    169. IncisorIncisorfor Pond
    170. Wind ×2
    171. Wind
    172. Converter
    173. SprinterSprinterfor Pond
    174. IncisorIncisorfor Pond
    175. Wind ×2
    176. Wind
    177. Con turret
    178. IncisorIncisorfor Pond
    179. Wind
    180. SprinterSprinterfor Pond
    181. Converter
    182. Wind ×2
    183. Converter
    184. Con turret
    185. SprinterSprinterfor Pond
    186. IncisorIncisorfor Pond
    187. Wind ×2
    188. Converter
    189. SprinterSprinterfor Pond
    190. Wind
    191. Wind
    192. Converter
    193. IncisorIncisorfor Pond
    194. Wind
    195. IncisorIncisorfor Pond
    196. Wind
    197. SprinterSprinterfor Pond
    198. Converter
    199. IncisorIncisorfor Pond
    200. PrudePrudedone 12:50
    201. Wind
    202. IncisorIncisorfor Pond
    203. Wind
    204. Converter
    205. SprinterSprinter
    206. Bot LabBot Labdone 12:28
    207. Wind
    208. Wind
    209. Wind
    210. Converter
    211. Twin GuardTwin Guard
    212. Converter
    213. SprinterSprinter
    214. Wind ×2
    215. IncisorIncisor
    216. Converter
    217. Wind ×2
    218. Converter
    219. SprinterSprinter
    220. Wind
    221. Converter
    222. Wind ×2
    223. SprinterSprinterfor Air
    224. Wind
    225. Wind
    226. Con turret
    227. Converter ×2
    228. Wind ×2
    229. Advanced Metal ExtractorT2 mexfor Geo sea
    230. SprinterSprinterfor Air
    231. LazarusLazarus
    232. Wind ×2
    233. Converter
    234. LazarusLazarus
    235. Converter
    236. SprinterSprinterfor Air
    237. Wind ×2
    238. Con turret
    239. Converter
    240. Wind ×2
    241. SprinterSprinterfor Air
    242. Converter
    243. IncisorIncisor
    244. Wind ×2
    245. Twin GuardTwin Guard
    246. Converter
    247. Wind
    248. SprinterSprinterfor Air
    249. IncisorIncisor ×2
    250. LazarusLazarus
    251. Wind ×2
    252. SprinterSprinterfor Air
    253. IncisorIncisor
    254. Con turret
    255. Converter
    256. Wind
    257. Converter
    258. Wind
    259. IncisorIncisor
    260. Wind
    261. Twin GuardTwin Guard
    262. IncisorIncisor
    263. SprinterSprinterfor Air
    264. Wind ×2
    265. IncisorIncisor
    266. Advanced Metal ExtractorT2 mexfor Geo sea
    267. Converter ×2
    268. Wind ×2
    269. IncisorIncisor
    270. LazarusLazarus
    271. WelderWelder
    272. IncisorIncisor
    273. Wind ×2
    274. Converter ×2
    275. Con turret
    276. IncisorIncisor ×2
    277. Wind ×2
    278. IncisorIncisor
    279. Converter
    280. WelderWelder
    281. Wind
    282. Converter
    283. Wind
    284. IncisorIncisor
    285. Wind
    286. IncisorIncisor
    287. Wind
    288. Converter
    289. IncisorIncisor
    290. Wind
    291. Converter
    292. LazarusLazarus
    293. Wind
    294. IncisorIncisor
    295. WelderWelder
    296. Con turret
    297. Wind
    298. IncisorIncisor
    299. Converter
    300. Wind
    301. Converter
    302. IncisorIncisor
    303. Wind
    304. Twin GuardTwin Guard
    305. Wind
    306. IncisorIncisor
    307. Converter
    308. Wind
    309. Wind
    310. IncisorIncisor
    311. WelderWelder
    312. Converter
    313. Wind
    314. Con turret
    315. Wind
    316. IncisorIncisor
    317. Converter
    318. PawnPawn
    319. Wind
    320. PawnPawn
    321. IncisorIncisor
    322. PulsarPulsarnot finished by 15:00
    323. Wind
    324. Converter
    325. IncisorIncisor
    326. WelderWelder
    327. Converter
    328. Wind ×2
    329. IncisorIncisor ×2
    330. Wind ×2
    331. Converter
    332. LazarusLazarus
    333. Converter
    334. IncisorIncisor
    335. Wind
    336. Wind ×2
    337. WelderWelder
    338. IncisorIncisor
    339. Converter ×2
    340. IncisorIncisor
    341. Wind
    342. LazarusLazarus
    343. Wind
    344. IncisorIncisor
    345. Advanced Metal ExtractorT2 mex
    346. Wind
    347. WelderWelder
    348. IncisorIncisor
    349. Wind
    350. Converter ×2
    351. IncisorIncisor
    352. Twin GuardTwin Guard
    353. Wind ×2
    354. LazarusLazarus
    355. IncisorIncisor
    356. Converter
    357. Wind ×2
    358. Wind
    359. IncisorIncisor
    360. WelderWelder
    361. Converter
    362. Wind
    363. Wind ×2
    364. Converter
    365. Construction VehicleCon vehicle
    366. WelderWelder
    367. Mex
    368. Wind ×2
    369. Converter
    370. WelderWelder
    371. Wind
    372. Converter
    373. Wind
    374. WelderWelder
    375. Advanced Vehicle PlantAdvanced Vehicle Plantnot finished by 15:00
    376. Converter
    377. Wind
    378. Twin GuardTwin Guard
    379. Wind
    380. Wind
    381. WelderWelder
    382. Converter
    383. Energy storage
    384. Wind ×2
    385. Converter
    386. Wind
    387. Converter
    388. ArchangelArchangeldone 14:58
    389. Wind ×2
    390. Energy storage
    391. Wind ×2
    392. Converter
    393. Wind
    394. Converter
    395. Mex
    396. Wind
    397. ArchangelArchangel
    398. Wind ×2

Counts are medians over the build's games: half of them build more, half fewer. The example game is Viltrum's (42 OS, 04/09/2026); pick another.

Team trades

IN AT LEAST 30% OF ITS GAMES

You hand over

  • Graverobber1 Graverobber to Beach sea or Suicide frontfirst at 2:13 · in 95% of games
  • Construction Bot1 Con bot to Beach seafirst at 2:50 · in 79% of games
  • Incisor13 Incisor to Pond or Suicide front or Frontfirst at 8:32 · in 37% of games
  • Construction Turret2 Con turret to Suicide front or Beach sea or Geo seafirst at 10:01 · in 32% of games

You get

  • Advanced Construction Bot1 T2 con bot from Techfirst at 4:45 · in 100% of games
  • Hercules1 Light transport from Air or Techfirst at 5:09 · in 42% of games

How it plays out

Typical game of this build against the role’s standard build, running totals by minute

  • This build
  • Standard geo

Metal produced

020k40k
0:005:0010:0015:00

metal

Enemy metal destroyed

05k10k
0:005:0010:0015:00

metal

Own metal lost

05k10k
0:005:0010:0015:00

metal

19 games.

Show as table
ByMetal produced: This buildMetal produced: Standard geoEnemy metal destroyed: This buildEnemy metal destroyed: Standard geoOwn metal lost: This buildOwn metal lost: Standard geo
1:003333350000
2:008288590000
3:00146214970000
4:00247426620000
5:00360237560000
6:00556256740000
7:0076297986001300
8:00105201103426003600
9:00141361408012653191074
10:00167931692225303342290258
11:001964419769309112553386720
12:0022707226484379249942041538
13:0025543255126757431643252629
14:0028976284978559600358354360
15:0032509317479541826484566299
WHAT THE NUMBERS SAY

Lost more often than the standard build, destroying more but also losing far more metal by 15:00.

  • + Destroys more enemy metal by 10:00 and 15:00 than standard.
  • + Catch units alone chew through a typical 3644 metal by 15:00.
  • − Own metal lost more than triples the standard build by 10:00.
  • − Team win rate drops well below the role's standard.
THE EXAMPLE YOU ARE READING

Viltrum

41.5 OS · 04/09/2026

Open source match ↗

151 received units · includes a constructor
2599 metal received · 101910 energy received

Allied construction assistance is unknown. Timings are observations, not a promise of solo reproducibility.

Typical milestones

Bot Lab1:06Middle 50%: 0:57–1:27 · n=19
Geothermal Powerplant3:20Middle 50%: 3:11–3:58 · n=19
Advanced Metal Extractor5:48Middle 50%: 5:30–6:10 · n=19
Vehicle Plant6:42Middle 50%: 5:57–7:17 · n=18

Played most by

Amrissa4games of this buildUsurpeR4games of this buildzeus_on_god3games of this buildViltrum2games of this builddarkstar231game of this build